 Dungeon Crawl Stone Soup version 0.25-a0-253-g6f1b5d974a (webtiles) character file.

Game seed: 7045369763543628971, levelgen mode: classic

43196 Borgoz the Carver (level 14, -2/90 HPs)
             Began as a Gargoyle Fighter on Dec 6, 2019.
             Was the Champion of Okawaru.
             Killed from afar by Frances (28 damage)
             ... with an iron shot
             ... on level 13 of the Dungeon.
             The game lasted 00:50:42 (14630 turns).

Borgoz the Carver (Gargoyle Fighter)               Turns: 14630, Time: 00:50:43

Health: -2/90      AC: 29    Str: 30    XL:     14   Next: 23%
Magic:  0/15       EV: 19    Int: 10    God:    Okawaru [******]
Gold:   379        SH:  0    Dex: 12    Spells: 13/13 levels left

rFire    + + +     SeeInvis +   a - +11 long sword of Blood {slice, Str+5}
rCold    . . .     Gourm    .   (no shield)
rNeg     + . .     Faith    .   J - +4 scale mail of the Serpent {rPois rF++ Int-3 Stlth+}
rPois    ∞         Spirit   +   I - +1 helmet {SInv}
rElec    +         Reflect  .   O - scarf {Spirit}
rCorr    .         Harm     +   (no gloves)
MR       +....                  E - +2 pair of boots {Fly}
Stlth    +.........             b - amulet of harm
HPRegen  0.25/turn              e - +3 ring of evasion
MPRegen  0.14/turn              g - ring "Zorukkex" {rPois rF+ Str+2 Int+3 Dex+2}

@: flying
A: big wings, see invisible, negative energy resistance 1, electricity
resistance, wild magic 1, unbreathing, petrification resistance, rot immunity,
AC +10
a: Stop Flying, Heroism, Finesse, Renounce Religion


You were on level 13 of the Dungeon.
You worshipped Okawaru.
Okawaru was exalted by your worship.
You were not hungry.

You visited 3 branches of the dungeon, and saw 16 of its levels.
You also visited: Ossuary and Gauntlet.

You collected 957 gold pieces.
You spent 578 gold pieces at shops.

Inventory:

Hand Weapons
 a - the +11 long sword of Blood (weapon) {slice, Str+5}
   (You bought it in a shop on level 6 of the Dungeon)

   It inflicts extra damage upon your enemies.
   It affects your strength (+5).
Missiles
 t - 5 throwing nets (quivered)
Armour
 d - +0 acid dragon scales
 E - a +2 pair of boots of flying (worn)
 I - a +1 helmet of see invisible (worn)
 J - the +4 scale mail of the Serpent (worn) {rPois rF++ Int-3 Stlth+}
   (You found it on level 12 of the Dungeon)

   It affects your intelligence (-3).
   It greatly protects you from fire.
   It protects you from poison.
   It makes you more stealthy.
 O - a scarf of spirit shield (worn)
Jewellery
 b - an amulet of harm (around neck)
 c - a +4 ring of protection
 e - a +3 ring of evasion (left hand)
 g - the ring "Zorukkex" (right hand) {rPois rF+ Str+2 Int+3 Dex+2}
   (You found it in a Gauntlet)

   [ring of poison resistance]

   It affects your strength (+2).
   It affects your intelligence (+3).
   It affects your dexterity (+2).
   It protects you from fire.
   It protects you from poison.
 z - an uncursed ring of ice
Wands
 n - a wand of disintegration (14)
 o - a wand of digging (3)
 q - a wand of clouds (7)
 r - a wand of acid (4)
 D - a wand of flame (20)
 G - a wand of paralysis (21)
Scrolls
 i - a scroll of enchant weapon
 j - 4 scrolls of magic mapping
 l - 9 scrolls of remove curse
 p - 5 scrolls of teleportation
 s - 4 scrolls of fog
 v - 2 scrolls of fear
 x - a scroll of brand weapon
 y - 3 scrolls of blinking
 C - 4 scrolls of enchant armour
Potions
 h - a potion of agility
 u - 4 potions of haste
 w - 3 potions of flight
 A - 2 potions of cancellation
 B - a potion of brilliance
 H - 5 potions of curing
 K - a potion of magic
Comestibles
 f - 31 rations
 k - 3 chunks of flesh


   Skills:
 + Level 11.0 Fighting
 * Level 14.0 Long Blades
 + Level 12.4 Armour
 + Level 10.4 Dodging
   Level 3.2 Shields
 + Level 1.7 Invocations


You had 13 spell levels left.
You didn't know any spells.
Your spell library contained the following spells:

 Spells                   Type           Power        Failure   Level  Hunger
 Animate Skeleton         Necr           N/A          63%         1    ##.....
 Beastly Appendage        Tmut           #.....       63%         1    ##.....
 Pain                     Necr           #...         63%         1    ##.....
 Poisonous Vapours        Pois/Air       #.....       77%         2    ###....
 Sticks to Snakes         Tmut           #.......     77%         2    ###....
 Conjure Flame            Conj/Fire      #.......     93%         3    ####...
 Mephitic Cloud           Conj/Pois/Air  #.......     93%         3    ####...
 Regeneration             Chrm/Necr      #.........   93%         3    ####...
 Spider Form              Tmut/Pois      #.........   93%         3    ####...
 Vampiric Draining        Necr           #.........   93%         3    ####...
 Animate Dead             Necr           N/A          100%        4    #####..
 Ice Form                 Ice/Tmut       #.......     100%        4    #####..
 Blade Hands              Tmut           #.........   100%        5    ######.
 Bolt of Magma            Conj/Fire/Erth #.........   100%        5    ######.
 Iskenderun's Battlesphe  Conj/Chrm      #.......     100%        5    ######.
 Freezing Cloud           Conj/Ice/Air   #.........   100%        6    #######
 Iron Shot                Conj/Erth      #.........   100%        6    #######
 Orb of Destruction       Conj           #.........   100%        7    #######
 Ring of Flames           Chrm/Fire      #.........   100%        7    #######
 Spellforged Servitor     Conj/Summ      #.........   100%        7    #######


Dungeon Overview and Level Annotations

Branches:
Dungeon (14/15)            Temple (1/1) D:6            Lair (0/6) D:11
    Orc (1/2) D:10         Vaults (0/5) D:13        Ossuary (visited)
Gauntlet (visited)

Altars:
Ashenzari
Cheibriados
Dithmenos
Elyvilon
Fedhas
Gozag
Hepliaklqana
Kikubaaqudgha
Makhleb
Nemelex Xobeh
Okawaru
Qazlal
Ru
Sif Muna
Trog
Uskayaw
Vehumet
Wu Jian
Xom
Yredelemnul
Zin
The Shining One

Shops:
D:4 :   D:6 (   D:7 (   D:8 !   D:11 (   D:12 [?*

Annotations:
D:12 2 transporters, bmj180's ghost, journeyman DrCj
D:13 2 runed translucent doors, Frances
D:14 Azrael; Josephine


Innate Abilities, Weirdness & Mutations

You are resistant to torment.
Your stone body is resilient. (AC +10)
You are immune to poison.
Your large and strong wings let you fly indefinitely.
You resist negative energy. (rN+)
You are resistant to electric shocks. (rElec)
You can survive without breathing.
You are immune to petrification.
You are immune to rotting.
You have supernaturally acute eyesight. (SInv)
Your spells are a little harder to cast, but a little more powerful.


Message History

Frances is heavily wounded.
Frances misses you.
Okay, then.
Evoke which item? (* to show all) (? for menu, Esc to quit)
Aiming: Cloud Cone
Press: ? - help, Dir - move target cursor, f - Frances
Aim: Frances, wielding a +7 war axe of electrocution and wearing a +0 scale mail (heavily wounded, fast)
You create a blast of noxious fumes!
Frances is engulfed in noxious fumes.
Frances hits you with a +7 war axe of electrocution.
* * * LOW HITPOINT WARNING * * *
Evoke which item? (* to show all) (? for menu, Esc to quit)
Aiming: Corrosive Bolt
Press: ? - help, Shift-Dir - straight line, f/p - Frances
Aim: Frances, wielding a +7 war axe of electrocution and wearing a +0 scale mail (noxious fumes, heavily wounded, fast)
The bolt of acid hits Frances!
Frances is splashed with acid.
Frances is severely wounded.
Frances is engulfed in noxious fumes.
Frances mutters in a terrible tongue.
The iron shot hits you!!
You die...

#..................#
############.(................###
..........[....).................
............############.........
##########..# #..####### #..#
#..# ##########..# #..#######
............############....>....
............§§§@@([...(..........
............§§§)÷)..#############
.#)####.##########..# .### #.#
#..# .# #.# #..# .# ##.##
#####.[#############
.#####...#####......[.[..........
.......∩..[[...##################
######...#####.#


You could see Frances.

Vanquished Creatures
  A minotaur (Gauntlet)
  Harold (D:7)
  8 vault guards (D:13)
  Erolcha (D:13)
  A centaur warrior (D:13)
  8 two-headed ogres
  2 death scarabs (Gauntlet)
  Urug (D:13)
  A sixfirhy (Gauntlet)
  A spectral death yak (Gauntlet)
  2 spectral hydras (Gauntlet)
  An unseen horror (D:13)
  Pikel (D:4)
  A wolf spider zombie (D:13)
  A deep elf mage (D:12)
  5 cyclopes
  4 manticores
  A moth of wrath (Gauntlet)
  2 ugly things (D:12)
  3 gargoyles
  A kobold demonologist (D:12)
  2 centaur skeletons
  3 trolls (D:13)
  A slime creature (D:11)
  2 hornets (D:12)
  Prince Ribbit (D:6)
  2 hippogriffs
  3 wyverns
  A wraith (D:12)
  13 yaks
  3 hungry ghosts
  2 fire elementals (D:13)
  A basilisk (D:11)
  Menkaure (Ossuary)
  3 vampire mosquitoes (D:12)
  A spectral spiny frog (Gauntlet)
  3 acid dragons
  3 porcupines (D:11)
  A water moccasin (D:12)
  3 hell hounds
  Duvessa (D:7)
  11 orc warriors
  4 phantoms
  3 eyes of draining
  4 slaves (D:4)
  A necrophage (D:12)
  3 ice beasts
  3 sky beasts
  4 wolves (Gauntlet)
  2 black bears
  3 ogres
  6 crocodiles
  9 centaurs
  3 big kobolds
  12 bullfrogs
  Dowan (D:7)
  A wyvern zombie (D:9)
  3 scorpions
  17 killer bees
  9 wights
  7 howler monkeys
  2 electric eels (D:10)
  15 crimson imps
  2 quasits
  2 bullfrog zombies
  4 centaur zombies
  7 hounds
  4 jellies
  14 orc priests
  2 iguanas
  2 bullfrog skeletons
  Crazy Yiuf (D:6)
  Jessica (D:2)
  Natasha (thrice) (D:2)
  9 orc wizards
  8 worker ants
  3 mummies (Ossuary)
  Robin (D:4)
  11 adders
  7 gnolls
  A howler monkey skeleton (D:8)
  2 shadow imps
  3 ufetubi (Gauntlet)
  7 oozes
  An adder skeleton (D:6)
  3 adder zombies
  12 dart slugs
  4 worms
  A leopard gecko (D:6)
  85 orcs
  4 giant cockroaches
  4 gnoll zombies (Ossuary)
  12 goblins
  12 hobgoblins
  11 jackals
  24 kobolds
  4 quokkas
  A ball python (D:5)
  7 bats
  4 frilled lizards
  A giant cockroach zombie (D:5)
  3 gnoll skeletons (Ossuary)
  A goblin skeleton (Ossuary)
  4 goblin zombies (Ossuary)
  5 hobgoblin skeletons (Ossuary)
  8 hobgoblin zombies (Ossuary)
  A jackal skeleton (D:6)
  6 kobold skeletons (Ossuary)
  2 kobold zombies (Ossuary)
  3 orc skeletons (Ossuary)
  6 orc zombies (Ossuary)
  5 rats
  6 rat skeletons (Ossuary)
  A rat zombie (Ossuary)
555 creatures vanquished.

Vanquished Creatures (others)
  A centaur zombie (D:14)
  An orc wizard (D:12)
  A hobgoblin skeleton (Ossuary)
3 creatures vanquished.

Grand Total: 558 creatures vanquished

Notes
Turn   | Place    | Note
-------+----------+-------------------------------------------
     0 | D:1      | Borgoz the Gargoyle Fighter began the quest for the Orb.
     0 | D:1      | Reached XP level 1. HP: 14/14 MP: 1/1
   321 | D:1      | Reached skill level 2 in Long Blades
   377 | D:1      | Reached XP level 2. HP: 14/19 MP: 2/2
   981 | D:2      | Found a shadowy altar of Dithmenos.
   984 | D:2      | You fall into a shaft and drop 1 floor!
  1002 | D:3      | Reached XP level 3. HP: 16/23 MP: 3/3
  1013 | D:3      | Reached skill level 1 in Dodging
  1013 | D:3      | Reached XP level 4. HP: 17/29 MP: 4/4
  1148 | D:3      | Reached skill level 3 in Long Blades
  1148 | D:3      | Reached XP level 5. HP: 33/33 MP: 5/5
  1286 | D:2      | Noticed Jessica
  1303 | D:2      | Killed Jessica
  1392 | D:2      | Noticed Natasha
  1416 | D:2      | Killed Natasha
  1577 | D:2      | Noticed Natasha
  1587 | D:2      | Killed Natasha
  1636 | D:2      | Reached XP level 6. HP: 33/38 MP: 6/6
  1680 | D:2      | Noticed Natasha
  1687 | D:2      | Killed Natasha
  1827 | D:3      | Reached skill level 4 in Long Blades
  2414 | D:4      | Noticed Robin
  2593 | D:4      | Killed Robin
  2811 | D:4      | Reached XP level 7. HP: 41/44 MP: 7/7
  2817 | D:4      | Found a blossoming altar of Fedhas.
  2978 | D:4      | Noticed Pikel
  3004 | D:4      | Reached skill level 8 in Long Blades
  3004 | D:4      | Reached XP level 8. HP: 21/48 MP: 8/8
  3076 | D:4      | Killed Pikel
  3090 | D:4      | Found Xifeinko's Book Emporium.
  3218 | D:5      | Entered Level 5 of the Dungeon
  3223 | D:5      | Reached skill level 5 in Fighting
  3457 | D:5      | Found a sparkling altar of Nemelex Xobeh.
  4075 | D:6      | Reached skill level 9 in Long Blades
  4119 | D:6      | Found a staircase to the Ecumenical Temple.
  4141 | Temple   | Entered the Ecumenical Temple
  4265 | Temple   | Became a worshipper of Warmaster Okawaru
  4395 | D:6      | Found Fymojuocw's Antique Weapon Boutique.
  4448 | D:6      | HP: 1/49 [something/puff of frost (9)]
  4453 | D:6      | Reached XP level 9. HP: 3/54 MP: 9/9
  4747 | D:6      | Bought a crude long sword for 187 gold pieces
  4747 | D:6      | Identified the +11 long sword of Blood {slice, Str+5} (You
                  | bought it in a shop on level 6 of the Dungeon)
  5074 | D:6      | Found a runed translucent door.
  5075 | D:6      | Noticed Crazy Yiuf
  5183 | D:6      | Reached * piety under Okawaru
  5293 | D:6      | Killed Crazy Yiuf
  5324 | D:7      | Noticed Prince Ribbit
  5324 | D:7      | Noticed Harold
  5325 | D:7      | Noticed Dowan
  5330 | D:7      | Noticed Duvessa
  5338 | D:6      | Killed Prince Ribbit
  5684 | D:7      | Found a sand-covered staircase.
  5693 | Ossuary  | Entered an ossuary
  5910 | Ossuary  | Noticed Menkaure
  5924 | Ossuary  | Killed Menkaure
  5999 | D:7      | Gained mutation: Your body sometimes deteriorates upon
                  | taking damage. [potion of mutation]
  5999 | D:7      | Gained mutation: Your spells are a little harder to cast,
                  | but a little more powerful. [potion of mutation]
  5999 | D:7      | Lost mutation: Your body sometimes deteriorates upon taking
                  | damage. [potion of mutation]
  5999 | D:7      | Gained mutation: You have supernaturally acute eyesight.
                  | (SInv) [potion of mutation]
  6010 | D:7      | Killed Duvessa
  6016 | D:7      | Killed Dowan
  6023 | D:7      | Killed Harold
  6023 | D:7      | Reached ** piety under Okawaru
  6023 | D:7      | Reached XP level 10. HP: 40/60 MP: 10/10
  6078 | D:7      | Found Myock's Weapon Shop.
  6159 | D:7      | Found a sacrificial altar of Ru.
  6991 | D:8      | Reached skill level 10 in Long Blades
  6994 | D:8      | Got a smoking ring mail
  7005 | D:8      | Identified the +1 ring mail of the Kraken {rElec} (You
                  | found it on level 8 of the Dungeon)
  7124 | D:8      | Found Zues's Distillery.
  7129 | D:8      | Bought a potion of might for 60 gold pieces
  7349 | D:9      | Reached *** piety under Okawaru
  8167 | D:10     | Entered Level 10 of the Dungeon
  8199 | D:10     | Reached **** piety under Okawaru
  8270 | D:10     | Reached XP level 11. HP: 66/66 MP: 11/11
  8399 | D:10     | Reached ***** piety under Okawaru
  8401 | D:10     | HP: 2/67 [orc warrior/+0 trident (13)]
  8766 | D:10     | Identified a scroll of acquirement
  9000 | D:10     | Found a staircase to the Orcish Mines.
  9015 | Orc:1    | Entered Level 1 of the Orcish Mines
  9015 | Orc:1    | Noticed an orc knight
  9176 | D:11     | Found Tuthi's Antique Weapon Shoppe.
  9210 | D:11     | Reached skill level 11 in Long Blades
  9218 | D:11     | Found a staircase to the Lair.
  9394 | D:11     | Reached skill level 10 in Armour
  9452 | D:11     | Noticed a manticore
  9459 | D:11     | Killed a manticore
  9478 | D:11     | Noticed a cyclops
  9484 | D:11     | Killed a cyclops
  9520 | D:11     | Noticed a two-headed ogre
  9523 | D:11     | Killed a two-headed ogre
  9523 | D:11     | Reached ****** piety under Okawaru
  9905 | D:11     | Received a gift from Okawaru
 10023 | D:12     | Identified the cursed +2 rapier "Poesonia" {pierce, rElec
                  | rC+ rN+ Int+4}
 10023 | D:12     | Noticed a tengu warrior
 10026 | D:12     | Found a transporter.
 10054 | D:12     | Noticed a two-headed ogre
 10064 | D:12     | Killed a two-headed ogre
 10064 | D:12     | Reached XP level 12. HP: 75/75 MP: 12/12
 10094 | D:12     | Found Pees Die's Armour Shop.
 10102 | D:12     | Bought a +1 helmet of see invisible for 247 gold pieces
 10121 | D:12     | Found Kaseruth's General Store.
 10124 | D:12     | Bought 2 throwing nets for 84 gold pieces
 10137 | D:12     | Found Toez's Magic Scroll Emporium.
 10199 | D:12     | Found a gate leading to a gauntlet.
 10199 | D:12     | Noticed a two-headed ogre
 10207 | D:12     | Killed a two-headed ogre
 10243 | Gauntlet | Entered a Gauntlet
 10243 | Gauntlet | Found a transporter.
 10243 | Gauntlet | Found a transporter.
 10252 | Gauntlet | Found a transporter.
 10256 | Gauntlet | Found a transporter.
 10264 | Gauntlet | Found a transporter.
 10268 | Gauntlet | Found a transporter.
 10270 | Gauntlet | Noticed a death scarab
 10271 | Gauntlet | Noticed a death scarab
 10277 | Gauntlet | Found a transporter.
 10314 | Gauntlet | Found a transporter.
 10329 | Gauntlet | Found a transporter.
 10333 | Gauntlet | Found a transporter.
 10333 | Gauntlet | Noticed a soul eater
 10341 | Gauntlet | Found a transporter.
 10345 | Gauntlet | Found a transporter.
 10397 | Gauntlet | Got a wavering glass ring
 10426 | Gauntlet | Identified the ring "Zorukkex" {rPois rF+ Str+2 Int+3
                  | Dex+2} (You found it in a Gauntlet)
 10516 | Gauntlet | Reached skill level 12 in Long Blades
 10556 | Gauntlet | Killed a death scarab
 10556 | Gauntlet | Received a gift from Okawaru
 10561 | Gauntlet | Killed a death scarab
 10700 | Gauntlet | Identified the +7 shortbow of Xynuhubb {speed, rElec rN+
                  | MR- Dex+6}
 10700 | Gauntlet | Noticed a minotaur
 10715 | Gauntlet | Killed a minotaur
 10772 | D:12     | Noticed a two-headed ogre
 10778 | D:12     | Killed a two-headed ogre
 10886 | D:12     | Noticed a two-headed ogre
 10889 | D:12     | Killed a two-headed ogre
 10989 | D:12     | Noticed a two-headed ogre
 11003 | D:12     | Killed a two-headed ogre
 11003 | D:12     | Received a gift from Okawaru
 11005 | D:12     | Reached XP level 13. HP: 75/80 MP: 13/13
 11037 | D:12     | Got a faintly humming scale mail
 11052 | D:12     | Identified the +4 scale mail of the Serpent {rPois rF++
                  | Int-3 Stlth+} (You found it on level 12 of the Dungeon)
 11193 | D:12     | Reached skill level 13 in Long Blades
 11376 | D:12     | Got an ominously black robe
 11387 | D:12     | Identified the +1 robe of the Lost Path {Str+5} (You found
                  | it on level 12 of the Dungeon)
 11613 | D:12     | Identified the +10 morningstar of Egomania {antimagic,
                  | rPois MR+}
 11614 | D:12     | Noticed bmj180's ghost (journeyman DrCj)
 11623 | D:12     | Found a transporter.
 11624 | D:12     | Found a bloodstained altar of Trog.
 11919 | D:12     | Reached skill level 10 in Fighting
 11974 | D:13     | Noticed Urug
 12123 | D:13     | Noticed Erolcha
 12128 | D:13     | Killed Erolcha
 12128 | D:13     | Received a gift from Okawaru
 12277 | D:13     | Noticed a vault guard
 12277 | D:13     | Noticed a vault guard
 12277 | D:13     | Noticed a vault guard
 12278 | D:13     | Found a gate to the Vaults.
 12278 | D:13     | Noticed a vault guard
 12278 | D:13     | Noticed a vault guard
 12278 | D:13     | Noticed a vault guard
 12279 | D:13     | Noticed a vault guard
 12279 | D:13     | Noticed a vault guard
 12288 | D:13     | Killed a vault guard
 12288 | D:13     | Reached skill level 10 in Dodging
 12299 | D:13     | Killed a vault guard
 12650 | D:13     | Killed a vault guard
 12666 | D:13     | Killed a vault guard
 12696 | D:13     | Killed a vault guard
 12941 | D:13     | Killed a vault guard
 12949 | D:13     | Killed a vault guard
 13099 | D:13     | Found a runed translucent door.
 13099 | D:13     | Noticed an ice dragon
 13099 | D:13     | Noticed a fire dragon
 13100 | D:13     | Noticed an ice dragon
 13101 | D:13     | Found the +2 shield of Resistance {rF+ rC+ MR+}
 13101 | D:13     | Noticed a fire dragon
 13109 | D:13     | Found a runed translucent door.
 13244 | D:13     | Killed a vault guard
 13493 | D:14     | Noticed Azrael
 13499 | D:13     | Gained mutation: Your large and strong wings let you fly
                  | indefinitely. [Gargoyle growth]
 13499 | D:13     | Reached XP level 14. HP: 78/88 MP: 12/14
 13514 | D:14     | Noticed Josephine
 13847 | D:13     | Killed Urug
 13874 | D:13     | Got a pitted fustibalus
 14048 | D:14     | Received a gift from Okawaru
 14051 | D:14     | Noticed Frances
 14059 | D:14     | Reached skill level 1 in Invocations
 14286 | D:14     | Reached skill level 14 in Long Blades
 14630 | D:13     | Killed from afar by Frances

Levels and vault maps discovered:
D:1:      dpeg_arrival_rhombus, layout_basic, serial_park_tiny_1,
          serial_bayou_ford_a
D:2:      layout_basic, grunt_dithmenos_smoke, uniq_jessica, uniq_natasha
D:3:      layout_basic, first_ration, hangedman_abyss_or_decor_lesser_grid
D:4:      kennysheep_slugbush, layout_layer_cave, serial_shops, shop,
          fedhas_altar_2, uniq_pikel, uniq_robin
D:5:      layout_basic, nemelex_xobeh_ov_fountains_minmay
D:6:      layout_loops_ring, minmay_temple_entry_overgrown, serial_shops, shop,
          grunt_ministairs_9, dk_vineyard_1, chequers_serial_rivers_micro_d,
          roderic_roman_lattice, uniq_crazy_yiuf_cottage
D:7:      layout_loops_corners, basic_altar, nicolae_ossuary_entry_monument,
          serial_shops, shop, dk_noncrumbling_4, uniq_duvessa,
          uniq_prince_ribbit1, uniq_harold
D:8:      layout_loops_ring, serial_shops, kennysheep_little_box
D:9:      layout_loops_corners
D:10:     layout_roguey, erik_orc_2, special_room [special_room_orc]
D:11:     layout_stronghold, minmay_lair_entry_grove, serial_shops,
          nicolae_shop_temple_entry_statues_fountains,
          hangedman_little_slice_of_home
D:12:     minmay_the_grid_octo_tiled_squarecenter [minmay_the_grid_octo_chip,
          minmay_the_grid_octo_focus, minmay_the_grid_octo_tetromino_candy,
          minmay_the_grid_octo_clover,
          minmay_the_grid_square_5x5_megaprize_hollow,
          minmay_the_grid_square_5x5_doubleslash,
          minmay_the_grid_square_5x5_three,
          minmay_the_grid_square_5x5_gyroscope, minmay_the_grid_square_5x5_z],
          layout_gridville, serial_shops, shop, nicolae_shop_window_shopping,
          shop_fountains, gauntlet_entry_generic,
          gammafunk_ghost_wrathful_warriors, chequers_arboretum
D:13:     layout_long_grid, erik_vaults_2, grunt_ministairs_10,
          minmay_guarded_unrand_resistance, uniq_erolcha, uniq_urug
D:14:     kennysheep_seaside_town, layout_rooms, serial_shops, shop,
          patterned_corridor, uniq_snorg, uniq_josephine, uniq_azrael,
          uniq_frances, uniq_louise
Temple:   regret_index_temple_chain_breaker
Orc:1:    layout_caves, serial_shops, nicolae_shop_stone, nicolae_shop_crystal,
          gammafunk_ghost_cemetery, mines3_lemuel

Skill      XL: |  1  2  3  4  5  6  7  8  9 10 11 12 13 14 |
---------------+-------------------------------------------+-----
Long Blades    | 2 3 4 8 9 10 11 12 13 14 | 14.0
Dodging        | 1 2 7 8 9 10 | 10.4
Fighting       | 4 5 6 8 9 10 11 | 11.0
Armour         | 4 7 8 9 10 11 12 | 12.4
Invocations    | 1 |  1.7
Shields        | |  3.2

Action                   |  1- 3 |  4- 6 |  7- 9 | 10-12 | 13-15 || total
-------------------------+-------+-------+-------+-------+-------++-------
Melee: Long sword        |    57 |   213 |   335 |   440 |   340 ||  1385
       Punch             |       |       |       |     1 |       ||     1
Invok: Heroism           |       |       |       |     2 |       ||     2
Evoke: Wand              |       |       |     5 |     7 |     2 ||    14
  Use: Potion            |     1 |     1 |    13 |     6 |     1 ||    22
       Scroll            |       |     3 |     7 |     8 |     6 ||    24
 Stab: Paralysed         |       |       |       |     2 |       ||     2
  Eat: Chunk             |       |     7 |     9 |    16 |     9 ||    41
       Ration            |       |       |       |     1 |     1 ||     2
Armor: Scale mail        |    40 |   117 |   175 |    94 |   167 ||   593
       Ring mail         |       |       |       |   100 |       ||   100
       Chain mail        |       |       |       |     3 |       ||     3
Dodge: Dodged            |    36 |   163 |   221 |   310 |   321 ||  1051
Block: Shield            |     6 |       |       |       |       ||     6
       Rpst.: Long sword |    10 |    40 |    64 |    63 |    78 ||   255

Table legend:
 A = Non-vault XP
 B = Vault XP
 C = Vault XP percentage of total XP
 D = Non-vault monster count
 E = Vault monster count
 F = Vault count percentage of total count
                 A         B        C        D         E       F
            +---------+---------+-------+---------+---------+-------
      Total |   31266 |   29831 |  48.8 |     341 |     209 |  38.0
            +---------+---------+-------+---------+---------+-------
        D:1 |      23 |       0 |   0.0 |      15 |       0 |   0.0
        D:2 |     123 |      72 |  36.9 |      20 |       2 |   9.1
        D:3 |     220 |       4 |   1.8 |      34 |       2 |   5.6
        D:4 |     139 |     710 |  83.6 |       6 |      20 |  76.9
        D:5 |     104 |       0 |   0.0 |      14 |       0 |   0.0
        D:6 |    1032 |     308 |  23.0 |      26 |       4 |  13.3
        D:7 |     443 |    1253 |  73.9 |      15 |       3 |  16.7
        D:8 |     528 |       0 |   0.0 |       9 |       0 |   0.0
        D:9 |    2390 |       0 |   0.0 |      38 |       0 |   0.0
       D:10 |    2864 |     912 |  24.2 |      34 |      47 |  58.0
       D:11 |    3724 |    2139 |  36.5 |      28 |      22 |  44.0
       D:12 |    7475 |    6309 |  45.8 |      31 |      24 |  43.6
       D:13 |    9695 |   10491 |  52.0 |      62 |      17 |  21.5
       D:14 |    2503 |     278 |  10.0 |       8 |       2 |  20.0
      Orc:1 |       3 |       0 |   0.0 |       1 |       0 |   0.0
    Ossuary |       0 |     278 | 100.0 |       0 |      50 | 100.0
   Gauntlet |       0 |    7077 | 100.0 |       0 |      16 | 100.0
            +---------+---------+-------+---------+---------+-------
